[Event "Titled Tuesday Blitz June 20 Early 2023"]
[White "Janaszak, Dawid"]
[Black "DanyKopy"]
[WhiteFideId "1119206"]
[WhiteElo "2220"]
[BlackElo "2465"]
[Result "1-0"]
[Round "10"]
[TimeControl "180+2"]
[Date "2023.06.20"]
[WhiteClock "0:00:35"]
[BlackClock "0:00:00"]
[Board "84"]

1. d4 Nf6 2. c4 e6 3. g4 h6 4. Nc3 d5 5. e3 c5 6. h4 Nc6 7. cxd5 exd5 8. f3 Bd6 9. Nge2 cxd4 10. exd4 O-O 11. g5 Nh5 12. gxh6 g6 13. Bg5 Qb6 14. Nxd5 Qxb2 15. Rb1 Qxa2 16. Ndc3 Qa5 17. Kf2 Bf5 18. Ne4 Bxe4 19. fxe4 Rae8 20. Bg2 f6 21. Be3 f5 22. e5 f4 23. Bd2 Qd8 24. exd6 f3 25. Qb3+ Kh7 26. Bxf3 Qxd6 27. Kg1 Re7 28. d5 1-0


[Site "https://www.chess.com"]

[Event "Titled Tuesday Blitz June 20 Early 2023"]
[White "Pastar, Slaven"]
[Black "Manukian, Artak"]
[WhiteFideId "14402718"]
[BlackFideId "13301373"]
[WhiteElo "2219"]
[BlackElo "2130"]
[Result "1/2-1/2"]
[Round "10"]
[TimeControl "180+2"]
[Date "2023.06.20"]
[WhiteClock "0:00:10"]
[BlackClock "0:00:17"]
[Board "85"]

1. b3 Nf6 2. Bb2 g6 3. Nf3 Bg7 4. g3 O-O 5. Bg2 c5 6. c4 d6 7. d4 Ne4 8. O-O Nc6 9. Nbd2 Bf5 10. e3 e5 11. d5 Nxd2 12. Qxd2 Ne7 13. Nh4 Bd7 14. e4 f5 15. f4 exf4 16. Bxg7 Kxg7 17. Qxf4 fxe4 18. Qxd6 Bf5 19. Qxc5 Qb6 20. Qxb6 axb6 21. a4 Nc8 22. h3 h5 23. g4 hxg4 24. hxg4 Bxg4 25. Rxf8 Kxf8 26. Nxg6+ Kg7 27. Bxe4 Nd6 28. Bd3 Bf5 29. Bxf5 Nxf5 30. Nf4 Kf6 31. Ne6 b5 32. cxb5 Ke5 33. Kf2 Rc8 34. Rd1 Rc3 35. Nd8 Nd6 36. a5 Rxb3 37. a6 Rxb5 38. Nxb7 Nxb7 39. Ra1 Rxd5 40. a7 Rd8 41. a8=Q Rxa8 42. Rxa8 Nd6 43. Ra5+ Kd4 44. Kf3 Nc4 45. Ra8 Ne5+ 46. Kf4 Nd3+ 47. Kf5 Nc5 48. Rd8+ Kc4 49. Ke5 Nd3+ 50. Ke4 Nc5+ 51. Ke3 Kb5 52. Rc8 Kb6 53. Kd4 Ne6+ 54. Kd5 Nc7+ 55. Kd6 Nb5+ 56. Kd7 Ka5 57. Rc1 Kb4 58. Kc6 Nd4+ 59. Kd5 Nb3 60. Rc8 Nd2 61. Rc7 Nb3 62. Rb7+ Kc3 63. Rc7+ Kd3 64. Rc4 Nd2 65. Rh4 Ke3 66. Rh3+ Nf3 67. Rh1 Kf2 68. Ra1 Ke3 69. Ra2 Kf4 70. Ra3 Kg4 71. Ke4 Ng5+ 72. Ke3 Kf5 73. Ra5+ Kf6 74. Kf4 Ne6+ 75. Kg4 Ke7 76. Ra6 Nd4 77. Kg5 Kd7 78. Kf6 Nc6 79. Ra7+ Kd6 80. Rh7 Nd4 81. Rh1 Kd5 82. Rd1 Ke4 83. Kg5 Nf3+ 84. Kg4 Ne5+ 85. Kg3 Nd3 86. Re1+ Nxe1 1/2-1/2


[Site "https://www.chess.com"]

[Event "Titled Tuesday Blitz June 20 Early 2023"]
[White "Aldokhin, Ivan"]
[Black "Begunov, Konstantin"]
[WhiteFideId "24115720"]
[BlackFideId "4118510"]
[WhiteElo "2322"]
[BlackElo "1993"]
[Result "1/2-1/2"]
[Round "10"]
[TimeControl "180+2"]
[Date "2023.06.20"]
[WhiteClock "0:00:04"]
[BlackClock "0:00:10"]
[Board "86"]

1. e4 c5 2. Nf3 d6 3. d4 cxd4 4. Nxd4 Nf6 5. Nc3 a6 6. Bc4 e6 7. Bb3 Be7 8. Qe2 O-O 9. Be3 Qc7 10. O-O-O b5 11. f3 b4 12. Na4 Bd7 13. g4 Qa5 14. Nb6 Qxb6 15. Nxe6 Qa5 16. Nxf8 Bxf8 17. g5 Nh5 18. f4 g6 19. f5 Nc6 20. Rhf1 Ne5 21. Rd5 Qc7 22. fxg6 hxg6 23. Rxe5 dxe5 24. Rxf7 Kh8 25. Qd3 Rd8 26. Qd5 Bg7 27. Ba4 Nf4 28. Qd2 Qc4 29. Rxd7 Rxd7 30. Bxd7 Qxa2 31. Qxb4 Qa1+ 32. Kd2 Qf1 33. Qc3 Qe2+ 34. Kc1 Qf1+ 35. Kd2 Qe2+ 36. Kc1 Qf1+ 37. Kd2 1/2-1/2


[Site "https://www.chess.com"]

[Event "Titled Tuesday Blitz June 20 Early 2023"]
[White "Titichoca Daza, Daniel"]
[Black "Parpiev, Isaak"]
[WhiteFideId "3309550"]
[BlackFideId "34281576"]
[WhiteElo "2101"]
[BlackElo "2167"]
[Result "0-1"]
[Round "10"]
[TimeControl "180+2"]
[Date "2023.06.20"]
[WhiteClock "0:00:43"]
[BlackClock "0:00:06"]
[Board "87"]

1. Nf3 Nf6 2. g3 g6 3. Bg2 Bg7 4. O-O O-O 5. c4 d6 6. Nc3 c6 7. d4 Nbd7 8. h3 a5 9. Re1 Qc7 10. e4 e5 11. Be3 Re8 12. Qc2 exd4 13. Nxd4 Nc5 14. Rad1 a4 15. f4 a3 16. b3 Nfd7 17. Bf2 h5 18. Qd2 h4 19. g4 Nf8 20. Bxh4 Bd7 21. Bf2 Rad8 22. Nf3 Bc8 23. Bd4 Nfe6 24. Bxg7 Nxg7 25. f5 gxf5 26. exf5 f6 27. Qh6 Qf7 28. Nh4 Rxe1+ 29. Rxe1 Re8 30. Rd1 Qe7 31. Ng6 Qe3+ 32. Qxe3 Rxe3 33. Rxd6 Rxc3 34. Rd8+ Ne8 35. Rxe8+ Kf7 36. Re7+ Kg8 37. h4 Rc1+ 38. Kh2 Rd1 39. h5 Rd7 40. Re8+ Kg7 41. Rxc8 Rd2 42. Rc7+ Kh6 43. Kg3 Rxa2 44. Nf8 Rxg2+ 45. Kxg2 a2 46. Kg3 Ne4+ 47. Kf4 Ng5 48. Rc8 a1=Q 49. Ng6 Qc1+ 50. Kg3 Qe3+ 51. Kg2 Qf3+ 52. Kg1 Qxg4+ 53. Kf2 Qxf5+ 54. Ke3 Qxc8 55. Nf4 Qe8+ 56. Kd3 Qe4+ 57. Kc3 Qxf4 0-1


[Site "https://www.chess.com"]

[Event "Titled Tuesday Blitz June 20 Early 2023"]
[White "Savitha Shri B"]
[Black "brm72"]
[WhiteFideId "35061887"]
[WhiteElo "2172"]
[BlackElo "2552"]
[Result "1-0"]
[Round "10"]
[TimeControl "180+2"]
[Date "2023.06.20"]
[WhiteClock "0:00:19"]
[BlackClock "0:00:02"]
[Board "88"]

1. d4 Nf6 2. Nf3 g6 3. Nc3 d5 4. Bg5 Bg7 5. h4 c5 6. e3 Nc6 7. Bb5 cxd4 8. exd4 Bg4 9. Qd3 Bxf3 10. Qxf3 a6 11. Bxc6+ bxc6 12. O-O O-O 13. Rad1 Rb8 14. b3 Re8 15. Bxf6 Bxf6 16. h5 Rb4 17. Ne2 a5 18. c3 Rb8 19. Ng3 e6 20. hxg6 hxg6 21. Rfe1 Kg7 22. Re3 Rh8 23. c4 Qd6 24. c5 Qc7 25. Kf1 Rb4 26. Red3 Rh4 27. Qe3 a4 28. a3 Rxb3 29. Rxb3 axb3 30. Qxb3 Rxd4 31. Rxd4 Bxd4 32. Qb4 Bf6 33. a4 Qa7 34. Ne2 Qa6 35. a5 Bd8 36. Qd4+ f6 37. Qe3 e5 38. Qh3 f5 39. Qe3 Bc7 40. Qg5 Kf7 41. Qh6 Bxa5 42. Qh7+ Kf6 43. Qh8+ Kg5 44. g3 f4 45. Qh4+ Kf5 46. gxf4 Ke4 47. fxe5+ Kxe5 48. Qg5+ Ke4 49. Qxg6+ Ke5 50. Qd6+ Kf5 51. Qd7+ Kf6 52. Qd6+ Kf5 53. Qf4+ Ke6 54. Qe3+ Kf7 55. Kg2 Qc4 56. Nd4 Qxc5 57. Qe6+ Kf8 58. Qc8+ Kf7 59. Qd7+ Kf8 60. Ne6+ 1-0


[Site "https://www.chess.com"]

[Event "Titled Tuesday Blitz June 20 Early 2023"]
[White "Grossboss19"]
[Black "Ambartsumova, Karina"]
[BlackFideId "4166299"]
[WhiteElo "2449"]
[BlackElo "2240"]
[Result "0-1"]
[Round "10"]
[TimeControl "180+2"]
[Date "2023.06.20"]
[WhiteClock "0:00:33"]
[BlackClock "0:00:52"]
[Board "89"]

1. d4 Nf6 2. c4 e6 3. Nc3 d5 4. cxd5 exd5 5. Bg5 c6 6. e3 Be7 7. Bd3 Nbd7 8. Qc2 h6 9. Bh4 Nh5 10. Bxe7 Qxe7 11. Nge2 Nb6 12. b3 Bd7 13. Qd2 Nf6 14. O-O O-O 15. Ng3 Rfe8 16. Rae1 a5 17. f3 Qb4 18. Nb1 Re7 19. Bc2 c5 20. dxc5 Qxc5 21. Kh1 Rae8 22. e4 Bb5 23. Rg1 dxe4 24. Nxe4 Nxe4 25. Bxe4 a4 26. Rc1 Qh5 27. Nc3 axb3 28. axb3 Rd7 29. Qf2 Nc8 30. Rgd1 Nd6 31. Nxb5 Nxe4 32. fxe4 Rxd1+ 33. Rxd1 Qxd1+ 34. Qg1 Qxg1+ 35. Kxg1 Rxe4 36. Nd6 Rb4 37. Kf2 Rxb3 38. Ke2 Rb2+ 39. Kf3 b5 40. Ke3 Rxg2 41. Nxb5 Rxh2 42. Nd4 Rh5 43. Nf3 f6 44. Kf4 Kf7 45. Kg4 Ra5 46. Nh4 h5+ 47. Kg3 g5 48. Nf3 Ra3 49. Kg2 Rxf3 50. Kxf3 Kg6 51. Kg3 Kf5 52. Kg2 Kg4 53. Kh2 Kf3 54. Kg1 g4 55. Kf1 g3 56. Kg1 g2 57. Kh2 Kf2 58. Kh3 g1=Q 0-1


[Site "https://www.chess.com"]

[Event "Titled Tuesday Blitz June 20 Early 2023"]
[White "Leenhouts, Koen"]
[Black "Matveeva, Olga"]
[WhiteFideId "1008439"]
[BlackFideId "24107018"]
[WhiteElo "2409"]
[BlackElo "2009"]
[Result "1-0"]
[Round "10"]
[TimeControl "180+2"]
[Date "2023.06.20"]
[WhiteClock "0:01:11"]
[BlackClock "0:00:25"]
[Board "90"]

1. e4 e6 2. d4 d5 3. Nd2 c5 4. exd5 Qxd5 5. Ngf3 cxd4 6. Bc4 Qd6 7. O-O Nf6 8. Nb3 Nc6 9. Nbxd4 Nxd4 10. Nxd4 Be7 11. c3 O-O 12. Re1 Qc7 13. Bd3 Rd8 14. Qf3 Bd7 15. Bg5 Bc6 16. Qh3 g6 17. Nxe6 Qd7 18. Nxd8 Qxh3 19. gxh3 Bxd8 20. Bxf6 Bxf6 21. Be4 Bxe4 22. Rxe4 Rd8 23. Re2 h5 24. Rae1 Kg7 25. Kg2 Rd5 26. Re4 Rd2 27. R1e2 Rd1 28. Rb4 b6 29. a4 Ra1 30. Rbe4 Bg5 31. h4 Bf6 32. Rd2 Ra2 33. Rc4 Be5 34. f4 Bf6 35. Kg3 Ra1 36. Rd7 Rg1+ 37. Kf2 Rb1 38. Rcc7 Rxb2+ 39. Kg3 1-0


[Site "https://www.chess.com"]

[Event "Titled Tuesday Blitz June 20 Early 2023"]
[White "De La Villa Garcia, Jesus Maria"]
[Black "Fernandez Siles, Luis"]
[WhiteFideId "2200040"]
[BlackFideId "2209420"]
[WhiteElo "2534"]
[BlackElo "2195"]
[Result "1-0"]
[Round "10"]
[TimeControl "180+2"]
[Date "2023.06.20"]
[WhiteClock "0:00:36"]
[BlackClock "0:00:15"]
[Board "91"]

1. c4 Nf6 2. Nc3 g6 3. Nf3 Bg7 4. g3 O-O 5. Bg2 d6 6. O-O Nc6 7. d4 Bf5 8. Nh4 Bd7 9. d5 Na5 10. b3 c5 11. dxc6 Nxc6 12. Bb2 a6 13. Nf3 Rb8 14. a4 Nb4 15. Nd4 e5 16. Nc2 Nxc2 17. Qxc2 Bc6 18. Rad1 Qc7 19. Qd2 Rfd8 20. Ba3 Bxg2 21. Kxg2 Qc6+ 22. Kg1 Bf8 23. Qd3 Rd7 24. e4 Qb6 25. Qc2 h5 26. h4 Rc8 27. Rd3 Qa5 28. Qd2 b5 29. cxb5 axb5 30. Nxb5 Qxd2 31. Rxd2 Nxe4 32. Rd3 d5 33. Bxf8 Kxf8 34. f4 exf4 35. Rxf4 Rc2 36. Rxe4 dxe4 37. Rxd7 e3 38. Rd1 1-0


[Site "https://www.chess.com"]

[Event "Titled Tuesday Blitz June 20 Early 2023"]
[White "Nithyalakshmi, Sivanesan"]
[Black "Ismayil, Malak"]
[WhiteFideId "5706955"]
[BlackFideId "13412604"]
[WhiteElo "1815"]
[BlackElo "1868"]
[Result "0-1"]
[Round "10"]
[TimeControl "180+2"]
[Date "2023.06.20"]
[WhiteClock "0:00:00"]
[BlackClock "0:00:17"]
[Board "92"]

1. e4 e5 2. Nf3 Nc6 3. d4 exd4 4. Nxd4 Bc5 5. Nb3 Bb6 6. Nc3 d6 7. Qe2 Nf6 8. Be3 Be6 9. O-O-O Qe7 10. f3 Ne5 11. Kb1 Nc4 12. Bxb6 axb6 13. g4 Na5 14. g5 Nd7 15. Nd5 Bxd5 16. Rxd5 Nxb3 17. cxb3 Ne5 18. f4 Nc6 19. a3 O-O-O 20. Bg2 Rhe8 21. Rc1 Kb8 22. Qb5 Qd7 23. Rd3 Ne7 24. Qc4 Ng6 25. e5 Qe7 26. Qd5 c6 27. exd6 cxd5 28. dxe7 Nxe7 29. Bh3 Nc6 30. Rcd1 d4 31. Bg2 Re3 32. Bxc6 Rxd3 33. Rxd3 bxc6 34. Rh3 Rh8 35. Kc2 Kc7 36. Kd3 c5 37. b4 Kc6 38. Kc4 b5+ 39. Kd3 h6 40. bxc5 Kxc5 41. Rg3 h5 42. f5 Re8 43. Rh3 Re5 44. Rxh5 Rxf5 45. Rh4 Rf3+ 46. Ke4 Rb3 47. Rh7 Rxb2 48. Rxg7 Re2+ 49. Kd3 Re3+ 50. Kd2 Rxa3 51. Rxf7 Rh3 52. Rf2 Ra3 53. g6 Ra2+ 54. Ke1 Ra1+ 55. Ke2 Rg1 56. Rf5+ Kc4 57. Rf6 d3+ 58. Kd2 Rg2+ 59. Ke3 d2 60. Rf1 Kc3 0-1


[Site "https://www.chess.com"]

[Event "Titled Tuesday Blitz June 20 Early 2023"]
[White "Camilla_Lee"]
[Black "Kovacsy, Barnabas"]
[BlackFideId "769290"]
[WhiteElo "2516"]
[BlackElo "2130"]
[Result "1-0"]
[Round "10"]
[TimeControl "180+2"]
[Date "2023.06.20"]
[WhiteClock "0:00:14"]
[BlackClock "0:00:07"]
[Board "93"]

1. e4 c5 2. Nf3 e6 3. d4 cxd4 4. Nxd4 Nc6 5. Nc3 Qc7 6. Be3 a6 7. Qd2 Nf6 8. f3 h5 9. a3 Be7 10. Bd3 b5 11. Nce2 Bb7 12. c3 Ne5 13. O-O Nxd3 14. Qxd3 Bd6 15. h3 Be7 16. Rac1 d5 17. exd5 Nxd5 18. Bf2 Rc8 19. Rc2 Nf4 20. Nxf4 Qxf4 21. Re1 Bd5 22. Qe3 Qxe3 23. Bxe3 O-O 24. Ne2 a5 25. Nf4 Bb3 26. Rd2 g6 27. Rd7 Bf6 28. Bd4 Bxd4+ 29. Rxd4 Rfd8 30. Ne2 e5 31. Rxd8+ Rxd8 32. Nc1 Be6 33. Kf2 Rd2+ 34. Re2 Rxe2+ 35. Kxe2 f6 36. Ke3 Kf7 37. Nd3 Ke7 38. Nc5 Bc8 39. b4 axb4 40. cxb4 f5 41. f4 Kd6 42. fxe5+ Kxe5 43. g3 g5 44. Nd3+ Kd5 45. h4 gxh4 46. gxh4 Kc4 47. Nf4 Kb3 48. Kd4 Kxa3 49. Kc5 Kb3 50. Nxh5 Bd7 51. Nf6 f4 52. Nxd7 f3 53. Ne5 f2 54. Nf3 f1=N 55. h5 Ng3 56. h6 Ne4+ 57. Kxb5 Nf6 58. Ng5 Ka3 59. h7 Nxh7 60. Nxh7 Kb3 61. Kc5 Kc3 62. b5 1-0


[Site "https://www.chess.com"]

[Event "Titled Tuesday Blitz June 20 Early 2023"]
[White "Horak, Martin"]
[Black "Ziatdinov, Raset"]
[WhiteFideId "367095"]
[BlackFideId "2015323"]
[WhiteElo "2091"]
[BlackElo "2220"]
[Result "0-1"]
[Round "10"]
[TimeControl "180+2"]
[Date "2023.06.20"]
[WhiteClock "0:00:16"]
[BlackClock "0:00:38"]
[Board "94"]

1. d4 Nf6 2. Nf3 g6 3. c4 Bg7 4. e3 O-O 5. Be2 d5 6. cxd5 Nxd5 7. e4 Nb6 8. O-O Nc6 9. d5 Ne5 10. Nc3 c6 11. Nxe5 Bxe5 12. Bh6 Re8 13. dxc6 bxc6 14. Qxd8 Rxd8 15. Rfd1 Be6 16. Rac1 Nc4 17. b3 Nb2 18. Rxd8+ Rxd8 19. Kf1 f5 20. Be3 a6 21. f4 Bd4 22. Kf2 fxe4 23. Nxe4 Bf5 24. Nc5 e5 25. fxe5 Bxe5 26. Bc4+ Kg7 27. Ne6+ Bxe6 28. Bxe6 Nd3+ 0-1


[Site "https://www.chess.com"]

[Event "Titled Tuesday Blitz June 20 Early 2023"]
[White "Delorme, Axel"]
[Black "Brown, Raehanna"]
[WhiteFideId "632023"]
[BlackFideId "7402740"]
[WhiteElo "2478"]
[BlackElo "1655"]
[Result "1-0"]
[Round "10"]
[TimeControl "180+2"]
[Date "2023.06.20"]
[WhiteClock "0:00:10"]
[BlackClock "0:00:10"]
[Board "95"]

1. e4 c5 2. Nf3 Nc6 3. Bb5 g6 4. O-O Bg7 5. c3 e5 6. d4 cxd4 7. cxd4 exd4 8. Bf4 d6 9. Nxd4 Ne7 10. Nc3 O-O 11. Nf3 Ne5 12. h3 N7c6 13. Rc1 a6 14. Ba4 Qa5 15. Nxe5 dxe5 16. Bd2 Be6 17. Nd5 Qd8 18. Bxc6 bxc6 19. Nc3 Qd6 20. Be3 Qb4 21. b3 Rfd8 22. Qe2 a5 23. f3 Bf8 24. Na4 Qb5 25. Rfe1 Rac8 26. Bc5 Bxc5+ 27. Rxc5 Qxe2 28. Rxe2 f6 29. Kf2 Kf7 30. Rxa5 Rd1 31. Ra7+ Rd7 32. Rxd7+ Bxd7 33. Nb6 Rc7 34. Nxd7 Rxd7 35. Rc2 Rc7 36. a4 Rb7 37. Rxc6 Rxb3 38. Rc7+ Kg8 39. a5 Ra3 40. Ra7 h5 41. h4 Kf8 42. a6 Kg8 43. g4 Kf8 44. gxh5 gxh5 45. Ke2 Kg8 46. Kd2 Kf8 47. Kc2 Kg8 48. Kb2 Ra5 49. Kb3 Kf8 50. Kb4 Ra1 51. Kc5 Ra3 52. Kd6 Kg8 53. Ke6 Rxf3 54. Rb7 Ra3 55. a7 Kf8 56. Rb8+ Kg7 57. a8=Q Rxa8 58. Rxa8 Kg6 59. Rf8 Kh6 60. Rxf6+ Kg7 61. Kxe5 Kh8 62. Kf5 Kg7 63. e5 Kh8 64. e6 Kg7 65. e7 Kh8 66. e8=Q+ Kg7 67. Qe7+ Kg8 68. Rf8# 1-0


[Site "https://www.chess.com"]

[Event "Titled Tuesday Blitz June 20 Early 2023"]
[White "Wang, Alexander J"]
[Black "Oro, Faustino"]
[WhiteFideId "30955270"]
[BlackFideId "20000197"]
[WhiteElo "2318"]
[BlackElo "1984"]
[Result "0-1"]
[Round "10"]
[TimeControl "180+2"]
[Date "2023.06.20"]
[WhiteClock "0:00:06"]
[BlackClock "0:00:12"]
[Board "96"]

1. e4 c5 2. Nf3 d6 3. d4 cxd4 4. Nxd4 Nf6 5. Nc3 a6 6. g3 e5 7. Nde2 Be7 8. Bg2 Be6 9. O-O O-O 10. h3 Nbd7 11. Be3 b5 12. a3 Nb6 13. b3 Rc8 14. f4 exf4 15. gxf4 Qc7 16. Qe1 Rfd8 17. Qf2 Na8 18. Rad1 Qa5 19. e5 dxe5 20. fxe5 Ne8 21. Bd5 Rxd5 22. Nxd5 Bxa3 23. Nef4 Bf5 24. Nd3 Bg6 25. Ra1 Qd8 26. N5f4 Qe7 27. Nxg6 hxg6 28. Rxa3 Qxa3 29. Qxf7+ Kh7 30. Rf4 g5 31. Qh5+ Kg8 32. Qf7+ Kh7 33. Rf5 Qa1+ 34. Rf1 Qc3 35. Qh5+ Kg8 36. Qf7+ Kh7 37. Qf5+ Kg8 38. Bxg5 Qd4+ 39. Kh1 Rxc2 40. Qf7+ Kh7 41. Qh5+ Kg8 42. Qxe8+ Kh7 43. Qh5+ Kg8 44. Be7 Qe4+ 45. Qf3 Qxf3+ 46. Rxf3 Nc7 47. Bd6 Ne6 48. Nf4 Nd4 49. Rd3 Nf5 50. e6 Rc1+ 51. Kg2 Re1 52. Kf2 Re4 53. Rd5 Nd4 54. e7 Kf7 55. Bc5 Nc6 56. Rd8 Nxe7 57. Rd7 Rxf4+ 58. Ke3 Rh4 59. Rxe7+ Kg8 60. Kf2 Rxh3 61. Be3 Rh2+ 62. Kf3 Rb2 63. Ra7 Rxb3 64. Rxa6 Kf7 65. Rb6 g6 66. Ke2 Kg7 67. Bd4+ Kh6 68. Rb8 Kg5 69. Kd2 Kg4 70. Kc2 Rb4 71. Bc3 Rc4 72. Rxb5 Kh4 73. Kd3 Rf4 74. Bd2 Rf3+ 75. Ke2 Rf5 76. Rb8 g5 77. Be3 Kg4 78. Rb4+ Kh5 79. Rb8 Ra5 80. Rh8+ Kg4 81. Rg8 Ra2+ 82. Kd3 Ra5 83. Ke4 Kh4 84. Rh8+ Kg3 85. Rg8 g4 86. Bf4+ Kh3 87. Rh8+ Kg2 88. Rg8 Kh3 89. Ke3 Ra3+ 90. Kf2 Rf3+ 91. Kg1 Rxf4 92. Rh8+ Kg3 93. Ra8 Rf3 94. Ra4 Rb3 95. Kf1 Rb1+ 96. Ke2 Kh3 97. Ra8 g3 98. Rh8+ Kg2 99. Rg8 Kh2 100. Rh8+ Kg1 101. Rg8 g2 102. Kf3 Rb3+ 103. Ke2 Rh3 104. Ra8 Kh1 105. Ra1+ g1=Q 106. Rxg1+ Kxg1 107. Kd2 Kf2 108. Kc2 Ke2 109. Kb2 Rd3 110. Kb1 Rc3 111. Kb2 Kd2 112. Kb1 Rb3+ 113. Ka2 Kc2 114. Ka1 Ra3# 0-1


[Site "https://www.chess.com"]

[Event "Titled Tuesday Blitz June 20 Early 2023"]
[White "Zavgorodniy, Sergiy"]
[Black "Vega Gutierrez, Sabrina"]
[WhiteFideId "14110148"]
[BlackFideId "2219026"]
[WhiteElo "2402"]
[BlackElo "2209"]
[Result "1-0"]
[Round "10"]
[TimeControl "180+2"]
[Date "2023.06.20"]
[WhiteClock "0:02:08"]
[BlackClock "0:00:08"]
[Board "97"]

1. d4 d5 2. c4 e6 3. Nf3 Nf6 4. e3 c6 5. Nbd2 c5 6. dxc5 Bxc5 7. a3 Nc6 8. b4 Be7 9. Bb2 O-O 10. Be2 dxc4 11. Bxc4 Bd7 12. O-O Rc8 13. Rc1 Rc7 14. Qb3 Qa8 15. Rfd1 Rfc8 16. Ng5 h6 17. Nge4 Nxe4 18. Nxe4 Be8 19. Qc3 Bf8 20. Nd6 Rd8 21. Nxe8 Rxe8 22. b5 Ne7 23. Qe5 Qc8 24. Bb3 Ng6 25. Qxc7 1-0


[Site "https://www.chess.com"]

[Event "Titled Tuesday Blitz June 20 Early 2023"]
[White "Slavin, Alexey"]
[Black "Ilkhomi, Jaloliddin"]
[WhiteFideId "24104388"]
[BlackFideId "14700948"]
[WhiteElo "2264"]
[BlackElo "2045"]
[Result "1-0"]
[Round "10"]
[TimeControl "180+2"]
[Date "2023.06.20"]
[WhiteClock "0:00:45"]
[BlackClock "0:00:28"]
[Board "98"]

1. e4 e6 2. Nf3 d5 3. e5 c5 4. b4 cxb4 5. a3 bxa3 6. d4 Nc6 7. c3 Nh6 8. Bd3 Nf5 9. Nxa3 Be7 10. Nc2 O-O 11. O-O a5 12. Ne3 Nxe3 13. Bxe3 a4 14. Rxa4 Rxa4 15. Qxa4 Bd7 16. Qc2 g6 17. Bh6 Re8 18. Rb1 Qc7 19. Qe2 Na5 20. Rc1 Ba3 21. Rc2 Be7 22. h4 Nc4 23. Bg5 Qd8 24. Bxe7 Qxe7 25. h5 Rc8 26. hxg6 hxg6 27. g3 b5 28. Kg2 Na3 29. Ra2 Rxc3 30. Qb2 Rxd3 31. Ra1 b4 32. Rh1 Nc4 33. Qc1 Rxf3 34. Qh6 Ne3+ 35. fxe3 1-0


[Site "https://www.chess.com"]

[Event "Titled Tuesday Blitz June 20 Early 2023"]
[White "Arat, Ufuk Sezen"]
[Black "Novikova, Galina"]
[WhiteFideId "6309089"]
[BlackFideId "4157095"]
[WhiteElo "2289"]
[BlackElo "1953"]
[Result "0-1"]
[Round "10"]
[TimeControl "180+2"]
[Date "2023.06.20"]
[WhiteClock "0:00:47"]
[BlackClock "0:00:32"]
[Board "99"]

1. e4 e6 2. d4 d5 3. Nc3 Bb4 4. exd5 exd5 5. Bd3 Nf6 6. Ne2 O-O 7. a3 Bd6 8. O-O c6 9. Bg5 Bg4 10. f3 Bh5 11. Nf4 Bg6 12. Nxg6 hxg6 13. Qd2 Nbd7 14. Rae1 Re8 15. b4 Qc7 16. f4 a5 17. b5 Bxa3 18. f5 gxf5 19. Bxf5 Bd6 20. Bxd7 Nxd7 21. Qf2 Nf8 22. b6 Qd7 23. Ne2 a4 24. Ng3 Rxe1 25. Rxe1 Bxg3 26. Qxg3 a3 27. Ra1 a2 28. Qb3 Qg4 29. Be3 Qe4 30. Bf2 Qe2 31. g3 Qa6 32. Be1 Ne6 33. Bc3 Ng5 34. Rf1 Ne4 35. Ra1 Qe2 36. Be1 Ng5 0-1


[Site "https://www.chess.com"]

[Event "Titled Tuesday Blitz June 20 Early 2023"]
[White "Alahakoon, Isuru"]
[Black "Mendez Fortes, Eduardo Jesus"]
[WhiteFideId "9900993"]
[BlackFideId "3502376"]
[WhiteElo "1819"]
[BlackElo "2307"]
[Result "0-1"]
[Round "10"]
[TimeControl "180+2"]
[Date "2023.06.20"]
[WhiteClock "0:00:00"]
[BlackClock "0:01:35"]
[Board "100"]

1. Nf3 c5 2. c3 Nf6 3. d4 d5 4. Bf4 Nc6 5. e3 Qb6 6. Qc2 Bg4 7. Nbd2 e6 8. Ne5 Nxe5 9. Bxe5 Nd7 10. Qa4 a6 11. dxc5 Qxc5 12. Nb3 Qc6 13. Qxg4 Nxe5 14. Qg3 Bd6 15. Qxg7 O-O-O 16. O-O-O Rdg8 17. Qf6 Kb8 18. Nd4 Qa4 19. Be2 Rc8 20. Kb1 Ka8 21. Nb3 Rhg8 22. f4 Qe4+ 0-1


[Site "https://www.chess.com"]

[Event "Titled Tuesday Blitz June 20 Early 2023"]
[White "Moksh Amit Doshi"]
[Black "Bogaudinov, Rushan"]
[WhiteFideId "25064967"]
[BlackFideId "4129288"]
[WhiteElo "2297"]
[BlackElo "1967"]
[Result "1-0"]
[Round "10"]
[TimeControl "180+2"]
[Date "2023.06.20"]
[WhiteClock "0:00:58"]
[BlackClock "0:00:12"]
[Board "101"]

1. d4 d5 2. Nf3 Nf6 3. Bf4 e6 4. e3 Be7 5. Nbd2 O-O 6. Bd3 c5 7. c3 Nc6 8. Ne5 Nxe5 9. dxe5 Nd7 10. Nf3 f5 11. exf6 gxf6 12. Qc2 Rf7 13. e4 c4 14. Be2 Nc5 15. O-O-O Qa5 16. Kb1 Nxe4 17. h4 Bd7 18. Bxc4 Rc8 19. Bd3 Ba4 20. Qe2 Bxd1 21. Rxd1 Rxc3 22. Bxe4 dxe4 23. bxc3 exf3 24. Qxf3 Ba3 25. Qg4+ Kf8 26. Qxe6 Qb5+ 27. Qb3 Qf5+ 28. Ka1 Qxf4 29. Qxa3+ Kg7 30. Qb4 Qxf2 31. Qg4+ Kh6 32. Rd5 Qe1+ 33. Kb2 Qf2+ 34. Ka3 1-0


[Site "https://www.chess.com"]

[Event "Titled Tuesday Blitz June 20 Early 2023"]
[White "Spichkin, Alexander"]
[Black "Belov, Alexei"]
[WhiteFideId "4144074"]
[BlackFideId "4128206"]
[WhiteElo "1986"]
[BlackElo "2553"]
[Result "0-1"]
[Round "10"]
[TimeControl "180+2"]
[Date "2023.06.20"]
[WhiteClock "0:00:16"]
[BlackClock "0:00:29"]
[Board "102"]

1. f4 Nf6 2. Nf3 d5 3. e3 g6 4. Be2 Bg7 5. O-O O-O 6. d3 b6 7. Qe1 Bb7 8. Qh4 Nbd7 9. Nc3 Re8 10. Ne5 e6 11. Qh3 c5 12. Nb5 Nf8 13. a4 a6 14. Na3 N6d7 15. d4 f6 16. Ng4 h5 17. Nf2 f5 18. c3 Nf6 19. Nd3 N8d7 20. Qg3 Kh7 21. Bf3 Ne4 22. Bxe4 dxe4 23. Ne5 Nxe5 24. fxe5 cxd4 25. exd4 Rc8 26. Bg5 Qd5 27. Rf2 Qb3 28. Nb1 b5 29. axb5 axb5 30. Ra7 Rc7 31. Bc1 b4 32. Rf1 Qc2 33. Nd2 bxc3 34. bxc3 Rxc3 35. Qe1 Rc7 36. Ba3 Bh6 37. Qb1 Qxd2 38. Rxb7 Qxd4+ 39. Kh1 Qd7 40. Rxc7 Qxc7 41. Bd6 Qd7 42. Rd1 Rc8 43. h3 Bf4 44. Qb4 Qc6 45. Rf1 Bg3 46. Qb3 h4 47. Qxe6 Qc4 48. Qe7+ Kh6 49. Qf6 Qxf1# 0-1


[Site "https://www.chess.com"]

[Event "Titled Tuesday Blitz June 20 Early 2023"]
[White "Pavlidou, Ekaterini"]
[Black "Karamsetty, Jeevan"]
[WhiteFideId "4213262"]
[BlackFideId "2025337"]
[WhiteElo "2126"]
[BlackElo "2131"]
[Result "1-0"]
[Round "10"]
[TimeControl "180+2"]
[Date "2023.06.20"]
[WhiteClock "0:00:31"]
[BlackClock "0:00:11"]
[Board "103"]

1. d4 e6 2. c4 Bb4+ 3. Bd2 Bxd2+ 4. Nxd2 d5 5. Qc2 Nf6 6. e3 O-O 7. Ngf3 b6 8. cxd5 exd5 9. Bd3 Nbd7 10. Ne5 Re8 11. Nc6 Nc5 12. Nxd8 Nxd3+ 13. Qxd3 Rxd8 14. O-O a5 15. Rac1 Ba6 16. Qf5 Bxf1 17. Nxf1 Rac8 18. f3 Ne8 19. Rc6 g6 20. Qc2 Rd7 21. Ng3 Nd6 22. b3 Nb5 23. Ne2 Re7 24. e4 dxe4 25. fxe4 Rce8 26. e5 Rc8 27. a4 Na7 28. Rc3 Rd7 29. Qc1 c6 30. Qh6 Rcd8 31. Rh3 f5 32. Nf4 Rf8 33. e6 Rg7 34. d5 cxd5 35. Nxd5 Nc8 36. Qg5 Nd6 37. e7 Rc8 38. Nf6+ Kf7 39. Rxh7 Rxh7 40. Nxh7 Ne4 41. Qe3 Rc3 42. Qe1 Rc8 43. h4 Re8 44. Ng5+ Nxg5 45. hxg5 Rxe7 46. Qc3 Re6 47. Qc7+ Kf8 48. Qd8+ Kf7 49. Kf2 Re4 50. Qf6+ Ke8 51. Qxg6+ Ke7 52. Qxf5 Re6 53. g6 Rf6 54. g4 Rxf5+ 55. gxf5 Kf6 56. Kf3 Kg7 57. Kg4 Kf6 58. Kh5 Kg7 59. Kg5 Kg8 60. f6 b5 61. axb5 Kf8 62. b6 Ke8 63. g7 Kd7 64. g8=Q Kc6 65. Qc4+ Kxb6 66. f7 a4 67. f8=Q Ka5 68. Qb8 a3 69. Qcb5# 1-0


[Site "https://www.chess.com"]